Map: Prion Terraces

Players

lesha - Winner!

  • Race: Terran Terran
  • League: Silver

mRc

  • Race: Terran Terran

VOD

Have the link to the VOD?

Description

Time

  • Played on: Dec. 18, 2015, 10:54 a.m.
  • Length: 14:10
Show
View Real Time Build Order
Export as new Build Order

lesha Terran - Winner!

Build Orders: Reaper Expand 

Get SALT Encoding   

  12  0:02  SCV  
  13  0:15  SCV  
  13  0:19  Supply Depot  
  14  0:27  SCV  
  15  0:40  SCV  
  15  0:41  Barracks  
  16  0:46  Refinery  
  16  0:52  SCV  
  17  1:04  SCV  
  18  1:16  SCV  
  19  1:31  Reaper  
  21  1:35  Orbital Command  
  20  1:48  Command Center  
  20  1:55  Refinery  
  20  2:03  SCV  
  20  2:05  Marine  
  22  2:15  SCV  
  22  2:16  Supply Depot  
  23  2:32  SCV  
  23  2:38  Marine  
  23  2:39  Factory  
  24  2:44  SCV  
  25  2:56  Marine  
  25  2:57  SCV  
  27  3:09  SCV, Orbital Command  
  28  3:14  Marine  
  29  3:23  Supply Depot  
  29  3:26  Supply Depot  
  28  3:43  Factory Tech Lab  
  27  3:50  Starport  
  27  3:56  Barracks  
  27  3:58  SCV, Barracks  
  27  4:00  Barracks  
  28  4:03  SCV  
  29  4:10  SCV  
  29  4:15  SCV  
  31  4:20  Marine  
  31  4:22  Siege Tank  
  31  4:23  SCV  
  36  4:27  SCV  
  36  4:29  Starport Reactor  
  37  4:35  SCV  
  37  4:37  Supply Depot x2  
  38  4:38  Marine  
  38  4:39  SCV  
  40  4:45  Refinery  
  40  4:46  Barracks Reactor x2, Barracks Tech Lab  
  40  4:47  SCV  
  41  4:55  Hellion  
  41  4:58  Engineering Bay  
  43  5:08  Engineering Bay  
  43  5:10  Marine, Marauder  
  43  5:12  Medivac x2  
  36  5:28  Marine  
  36  5:31  Marauder  
  39  5:44  Marine  
  39  5:45  Marine x3  
  39  5:46  Marine  
  44  5:54  Viking  
  44  5:56  Marine  
  47  6:02  Marine x2  
  47  6:03  Marine  
  50  6:11  Marine x2  
  52  6:14  Viking, Marine  
  55  6:19  SCV x2  
  55  6:20  Marine x2  
  59  6:27  Marine  
  59  6:28  Marine  
  59  6:31  SCV x2  
  59  6:32  Marauder  
  66  6:41  Barracks Reactor  
  66  6:43  SCV x2, Stimpack  
  66  6:45  Terran Infantry Weapons Level 1  
  66  6:46  Terran Infantry Armor Level 1  
  67  6:53  Marauder  
  69  6:55  SCV x2  
  71  7:07  SCV x2  
  68  7:26  SCV  
  68  7:27  SCV  
  70  7:39  SCV x2  
  69  7:51  SCV x2  
  60  7:55  Marine x4  
  60  7:56  Marine x2  
  60  7:58  Marauder  
  67  7:59  Medivac x2  
  71  8:19  Marauder  
  73  8:20  Barracks  
  73  8:23  Command Center, Barracks  
  73  8:24  Supply Depot  
  73  8:26  Barracks  
  73  8:27  Supply Depot, Barracks  
  73  8:28  Supply Depot  
  73  8:29  Supply Depot  
  73  8:38  Armory  
  73  8:49  Supply Depot, Marine x2  
  73  8:50  Marine x3  
  73  8:51  Marine, Marauder  
  73  8:52  Medivac  
  73  8:55  Command Center  
  81  9:07  Marine x3  
  83  9:12  Marauder  
  85  9:20  Refinery  
  76  9:43  SCV x2  
  79  9:51  Orbital Command  
  79  9:52  Marine x2  
  78  9:53  Barracks Reactor x2, Marine  
  78  9:54  Barracks Reactor  
  78  9:55  SCV, Marauder  
  78  9:56  SCV, Barracks Reactor  
  78  9:57  Marine  
  86  10:11  Viking x2  
  90  10:14  Terran Infantry Armor Level 2  
  90  10:25  Orbital Command  
  90  10:33  SCV x3  
  93  10:36  Marine x6  
  93  10:37  Marine x5  
  93  10:38  Marine x3  
  107  10:45  SCV  
  108  10:51  Marine  
  108  10:54  Medivac x2, Marine x4  
  117  11:03  Marine x2  
  117  11:04  Marine x7  
  119  11:05  Marine  
  119  11:10  Marauder  
  129  11:11  Marine x2  
  129  11:12  Marine x2  
  133  11:24  Medivac x2  
  137  11:31  Marauder  
  136  12:00  Marine x2  
  136  12:01  Marine x7  
  135  12:02  Marine x2, Marauder  
  135  12:03  Marine x3  
  144  12:18  Marine x4  
  148  12:24  Marauder, Marine x4  
  144  12:38  SCV  
  144  12:39  SCV x3  
  148  12:54  Supply Depot  
  148  12:56  Supply Depot  
  148  12:57  Supply Depot  
  148  12:58  Supply Depot  
  148  12:59  Supply Depot  
  148  13:06  Missile Turret  
  148  13:08  Missile Turret  
  148  13:09  Missile Turret  
  148  13:14  Missile Turret  
  148  13:15  Missile Turret x4  
  148  13:16  SCV x4, Marine x4  
  148  13:17  Supply Depot, Marine x6  
  148  13:18  Marine x4, Marauder  
  168  13:22  Supply Depot  
  168  13:31  Missile Turret  
  168  13:35  Missile Turret  
  168  13:39  Marauder  
  153  13:49  Missile Turret  
  153  13:51  Missile Turret  
Show
View Real Time Build Order
Export as new Build Order

mRc Terran 

Build Orders: Liberator Opening, Reaper Expand 

Get SALT Encoding   

  12  0:01  SCV  
  13  0:13  SCV  
  14  0:23  Supply Depot  
  14  0:25  SCV  
  15  0:32  Refinery  
  15  0:44  SCV  
  15  0:47  Barracks  
  16  0:57  SCV  
  17  1:09  SCV  
  18  1:21  SCV  
  18  1:23  Supply Depot  
  19  1:39  Command Center  
  19  1:42  Reaper  
  19  1:47  SCV  
  21  1:59  SCV  
  22  2:02  Factory  
  22  2:14  SCV, Marine  
  24  2:17  Refinery  
  24  2:26  Orbital Command  
  24  2:38  Marine  
  25  2:49  Starport  
  25  2:50  Factory Tech Lab  
  25  3:01  SCV  
  25  3:03  Barracks Reactor  
  26  3:06  SCV  
  27  3:13  SCV  
  27  3:18  SCV  
  29  3:25  SCV  
  30  3:38  Liberator  
  30  3:50  SCV  
  30  3:51  SCV  
  34  4:03  SCV x2  
  34  4:08  Siege Tank  
  39  4:17  SCV, Refinery x2  
  39  4:21  Orbital Command  
  40  4:25  Marine x2  
  42  4:38  Engineering Bay  
  42  4:45  Marine x2  
  44  4:55  Supply Depot  
  44  4:57  Supply Depot  
  44  5:00  SCV x2  
  46  5:17  SCV x2  
  46  5:19  Supply Depot  
  48  5:26  Command Center  
  48  5:29  SCV  
  49  5:40  Starport Tech Lab  
  49  5:43  Marine x2  
  49  5:49  Barracks  
  51  5:51  Supply Depot  
  51  5:56  Siege Tank  
  54  6:01  Marine x2  
  56  6:18  Banshee  
  56  6:19  Cloaking Field, Marine x2  
  56  6:22  Terran Infantry Weapons Level 1  
  61  6:31  Missile Turret  
  61  6:36  Marine  
  62  6:49  Barracks Tech Lab, Barracks  
  62  6:56  Missile Turret  
  62  6:59  Planetary Fortress  
  62  7:05  Medivac  
  64  7:19  Missile Turret  
  64  7:28  Supply Depot  
  64  7:34  Medivac  
  59  8:04  Medivac  
  61  8:19  SCV  
  62  8:20  SCV  
  63  8:31  SCV  
  64  8:41  Command Center  
  61  9:24  Marine x3  
  61  9:30  Stimpack  
  61  9:43  Marauder  
  63  9:48  SCV  
  64  10:03  Terran Infantry Armor Level 1  
  64  10:04  Marauder  
  66  10:09  Armory  
  66  10:13  Siege Tank  
  69  10:26  Viking  
  71  10:35  Marine x3  
  74  10:45  Planetary Fortress  
  74  10:53  Marine x3  
  74  10:56  Viking  
  79  11:07  Engineering Bay  
  79  11:11  Marine x3  
  80  11:13  Barracks  
  82  11:27  SCV x3  
  82  11:28  Marine  
  82  11:29  Marine x2  
  82  11:31  Combat Shields  
  88  11:39  SCV x3  
  88  11:47  Marine  
  58  12:01  Barracks  
  56  12:32  Marine x2  
  56  12:33  Marauder  
  60  12:49  Marine  
  60  12:50  Barracks, Marine  
  62  12:52  Orbital Command  
  62  12:54  Refinery, Marauder  
  62  12:56  Refinery  
  64  13:07  Marine x2  
  66  13:15  Barracks Tech Lab, Marauder  
  68  13:30  Barracks Reactor  
  68  13:33  Marine x2  
  68  13:34  Marine  
  71  13:37  Marauder, Medivac  
  54  13:51  Marine  
Tags
 
Add a new tag
Caveats
  • Supply blocks, unpowered buildings, or Contaminate may cause inaccurate times.
  • Supply counts are checked every 10 seconds.